 Dungeon Crawl Stone Soup version 0.27.1-34-g3ba077fa99 (webtiles) character file.

Game seed: 12738715815458780017

2604 comborobin the Cleaver (level 9, -26/75 HPs)
             Began as a Hill Orc Delver on Jan 6, 2022.
             Was a Believer of the Shining One.
             Annihilated by a boulder beetle (52 damage)
             ... on level 7 of the Dungeon.
             The game lasted 00:08:41 (7550 turns).

comborobin the Cleaver (Hill Orc Delver)            Turns: 7550, Time: 00:08:42

Health: -26/75     AC: 12    Str: 18    XL:     9   Next: 59%
Magic:  9/12       EV: 11    Int: 10    God:    the Shining One [**....]
Gold:   120        SH:  8    Dex: 12    Spells: 8/8 levels left

rFire    + . .     SeeInvis .   a - +0 war axe
rCold    . . .     Faith    .   (no shield)
rNeg     + . .     Spirit   .   C - +0 leather armour {rF+}
rPois    .         Reflect  .   j - +1 helmet
rElec    .         Harm     .   (no cloak)
rCorr    .         Rampage  .   k - +0 pair of gloves
Will     .....                  r - +0 pair of boots
Stlth    +.........             (no amulet)
HPRegen  0.22/turn              d - +4 ring of protection
MPRegen  0.13/turn              y - +4 ring of slaying

@: mighty, divinely shielded, glowing
A: no striking features
a: Renounce Religion, Divine Shield


You were on level 7 of the Dungeon.
You worshipped the Shining One.
The Shining One was pleased with you.
You visited 2 branches of the dungeon, and saw 8 of its levels.

You collected 208 gold pieces.
You spent 88 gold pieces at shops.

Inventory:

Hand Weapons
 a - a +0 war axe (weapon)
 u - a +1 hand axe
Missiles
 x - 5 datura-tipped darts (quivered)
Armour
 b - a +0 leather armour
 i - a +0 ring mail
 j - a +1 helmet (worn)
 k - a +0 pair of gloves (worn)
 r - a +0 pair of boots (worn)
 C - a +0 leather armour of fire resistance (worn)
Jewellery
 d - a +4 ring of protection (left hand)
 p - a ring of ice
 y - a +4 ring of slaying (right hand)
Wands
 g - a wand of digging (3)
 n - a wand of polymorph (8)
 z - a wand of flame (22)
Scrolls
 c - 2 scrolls of fog
 e - a scroll of fear
 o - a scroll of enchant weapon
 q - 5 scrolls of identify
 s - a scroll of immolation
 v - a scroll of blinking
 w - 2 scrolls of noise {unknown}
 A - a scroll of magic mapping
 D - a scroll of summoning {unknown}
Potions
 l - 2 potions of attraction {unknown}
 m - 4 potions of curing
 B - a potion of degeneration {unknown}


   Skills:
 + Level 5.8 Fighting
 + Level 13.8 Axes
 + Level 3.9 Armour
 - Level 1.5 Dodging
 - Level 4.1 Stealth
 + Level 4.7 Invocations


You had 8 spell levels left.
You didn't know any spells.
Your spell library contained the following spells:

 Spells                   Type           Power      Damage    Failure   Level
 Pain                     Necr           0%         1d4       41%         1
 Ignite Poison            Fire/Tmut/Pois 0%         N/A       80%         3
 Mephitic Cloud           Conj/Pois/Air  0%         N/A       80%         3
 Summon Guardian Golem    Hex/Summ       0%         N/A       80%         3
 Agony                    Necr           0%         N/A       100%        5
 Bolt of Magma            Conj/Fire/Erth 0%         4d4       100%        5
 Excruciating Wounds      Necr           0%         N/A       100%        5
 Orb of Destruction       Conj           0%         N/A       100%        7
 Spellforged Servitor     Conj/Summ      0%         N/A       100%        7


Dungeon Overview and Level Annotations

Branches:
Dungeon (7/15)             Temple (1/1) D:5

Altars:
Ashenzari
Cheibriados
Elyvilon
Fedhas
Hepliaklqana
Kikubaaqudgha
Nemelex Xobeh
Okawaru
Qazlal
Ru
Trog
Uskayaw
Vehumet
Wu Jian
Xom
Yredelemnul
The Shining One

Shops:
D:4 *   D:6 *   D:7 !?

Annotations:
D:7 3 runed translucent doors, kaffeinatedkobold's ghost, novice KoFi


Message History

The boulder beetle bites you!
* * * LOW HITPOINT WARNING * * *
You slash the boulder beetle!
The boulder beetle is heavily wounded.
You slash the boulder beetle!
The boulder beetle is severely wounded.
The boulder beetle completely misses you.
You hit the boulder beetle.
The boulder beetle is severely wounded.
The boulder beetle leaps!
Okay, then.
Aiming: Throw Flame
Press: ? - help, Shift-Dir - straight line, f - boulder beetle
Aim: a boulder beetle (severely wounded, 100% to hit)
The puff of flame hits the boulder beetle!
The boulder beetle is severely wounded.
The boulder beetle curls into a ball and begins rolling!
Okay, then.
You feel much better. The boulder beetle hits you!
The boulder beetle stops rolling and uncurls.
You hit the boulder beetle but do no damage.
The boulder beetle is severely wounded.
The boulder beetle leaps!
The boulder beetle curls into a ball and begins rolling!
The boulder beetle hits you!!
* * * LOW HITPOINT WARNING * * *
The boulder beetle stops rolling and uncurls.
You completely miss the boulder beetle.
The boulder beetle is severely wounded.
The boulder beetle leaps!
Okay, then.
You feel much better.
The boulder beetle curls into a ball and begins rolling!
A divine shield forms around you!
You slash the boulder beetle!
The boulder beetle is severely wounded.
The boulder beetle hits you!!!
Ouch! That really hurt!
You die...

###.#.#.#.....#
#...........###
#.#.#.#.#..##
#..........#
##.#.#>#.#..#
#####..°........##
#####.....##.#.#.#...#
......#####..°.......##
.###### #.#.#○#@#....#
## ##.....B.).....♣ #
#............#.. #
#............# #
#..............# ###
################ ..#
.## .#


You could see a boulder beetle (rolling).

Vanquished Creatures
  A wyvern (D:7)
  Duvessa (D:6)
  A water moccasin (D:7)
  A sky beast (D:7)
  An orc warrior (D:6)
  A black bear (D:5)
  2 necrophages (D:4)
  3 ogres
  A phantom (D:4)
  A centaur (D:7)
  2 kobold brigands (D:6)
  A scorpion (D:4)
  A water moccasin zombie (D:7)
  A wyvern skeleton (D:7)
  Dowan (D:6)
  A bullfrog zombie (D:6)
  2 centaur zombies
  2 hounds (D:6)
  A centaur skeleton (D:5)
  A bullfrog skeleton (D:6)
  3 iguanas
  4 orc wizards
  A scorpion zombie (D:5)
  2 killer bee zombies
  A hound skeleton (D:3)
  9 adders
  A howler monkey skeleton (D:4)
  A river rat (D:4)
  A white imp (D:6)
  3 worms
  5 dart slugs
  13 orcs
  9 bats
  4 endoplasms
  3 giant cockroaches
  8 goblins
  12 hobgoblins
  A quokka (D:4)
  5 ball pythons
  5 frilled lizards
  14 kobolds
  8 rats
  A spectral orc (D:6)
140 creatures vanquished.

Vanquished Creatures (collateral kills)
  3 kobolds (D:7)
3 creatures vanquished.

Vanquished Creatures (others)
  An orc warrior (D:7)
  2 plants (D:1)
3 creatures vanquished.

Grand Total: 146 creatures vanquished

Notes
Turn   | Place    | Note
-------+----------+-------------------------------------------
     0 | D:5      | comborobin the Hill Orc Delver began the quest for the Orb.
     0 | D:5      | Reached XP level 1. HP: 19/19 MP: 1/1
     3 | D:6      | Noticed a hound
    28 | D:5      | Found a staircase to the Ecumenical Temple.
    41 | D:5      | Reached skill level 3 in Axes
    41 | D:5      | Reached XP level 2. HP: 14/26 MP: 2/2
   256 | Temple   | Entered the Ecumenical Temple
   375 | Temple   | Became a worshipper of the Shining One
   440 | D:4      | Noticed a phantom
   499 | D:3      | Reached skill level 4 in Axes
   500 | D:3      | Reached XP level 3. HP: 19/31 MP: 3/3
   799 | D:3      | Reached skill level 5 in Axes
  1110 | D:4      | Reached XP level 4. HP: 39/39 MP: 4/4
  1128 | D:4      | Noticed a necrophage
  1148 | D:4      | Killed a necrophage
  1149 | D:4      | Reached skill level 7 in Axes
  1149 | D:4      | Reached XP level 5. HP: 44/45 MP: 5/5
  1264 | D:4      | Reached * piety under the Shining One
  1344 | D:4      | Noticed an ogre
  1374 | D:4      | Killed an ogre
  1375 | D:4      | Reached skill level 8 in Axes
  1375 | D:4      | Reached XP level 6. HP: 42/51 MP: 6/6
  1448 | D:4      | Reached skill level 9 in Axes
  1815 | D:4      | Noticed a necrophage
  1835 | D:4      | Killed a necrophage
  1836 | D:4      | Reached XP level 7. HP: 49/57 MP: 7/7
  1841 | D:4      | Reached skill level 10 in Axes
  1993 | D:4      | Found Rekhazok's General Store.
  2052 | D:4      | Found a bloodstained altar of Trog.
  2189 | D:5      | HP: 1/57 [ogre (25)]
  3982 | D:1      | Found a faded altar of an unknown god.
  4445 | D:5      | Reached skill level 11 in Axes
  4478 | D:5      | Reached XP level 8. HP: 47/64 MP: 8/8
  4674 | D:5      | Reached ** piety under the Shining One
  4684 | D:5      | Reached skill level 12 in Axes
  5094 | D:5      | Found a sparkling altar of Nemelex Xobeh.
  5392 | D:6      | Found a hazy altar of Hepliaklqana.
  5477 | D:6      | Noticed Duvessa
  5479 | D:6      | Noticed Dowan
  5489 | D:6      | Killed Dowan
  5491 | D:6      | Killed Duvessa
  5492 | D:6      | Reached skill level 13 in Axes
  5672 | D:6      | Found a basalt altar of Yredelemnul.
  5719 | D:6      | Found Seatzeex's Elemental Accessories.
  5727 | D:6      | Reached skill level 1 in Invocations
  5733 | D:6      | Reached skill level 1 in Armour
  6030 | D:6      | Reached XP level 9. HP: 73/73 MP: 9/11
  6319 | D:6      | Found an iron altar of Okawaru.
  6439 | D:7      | Reached skill level 5 in Fighting
  6469 | D:7      | Noticed a boulder beetle
  6592 | D:7      | Noticed kaffeinatedkobold's ghost (novice KoFi)
  6597 | D:7      | Found a runed translucent gate.
  6597 | D:7      | Found a runed translucent gate.
  6597 | D:7      | Found a runed translucent gate.
  7347 | D:7      | Found Kuohehas's Distillery.
  7356 | D:7      | Bought a potion of heal wounds for 55 gold pieces
  7356 | D:7      | Bought a potion of curing for 33 gold pieces
  7419 | D:7      | Found Neffam's Magic Scroll Boutique.
  7550 | D:7      | Annihilated by a boulder beetle

Illustrated notes

Levels and vault maps discovered:
D:1:      wander_arrival_fairy_ring, layout_basic,
          hellmonk_ecumenical_altar_zigzags
D:2:      layout_loops_ring
D:3:      minmay_wonky_spiral, layout_basic, small_statue_intersection,
          corexii_shack, grunt_ministairs_8, chequers_jeans
D:4:      minmay_evil_eye, layout_rooms, kennysheep_little_box,
          gup_sewer_entry_bowl, chequers_decorated_corner,
          nicolae_take_the_stairs
D:5:      layout_basic, kennysheep_mini_moat, minmay_temple_entry_hall
D:6:      layout_layer_cave, yredelemnul_forgotten_temple_becter,
          mainiacjoe_overflow_catwalk, mainiacjoe_overflow_six_doors_small,
          minmay_stone_trees_medium, hangedman_abyss_or_decor_lesser_grid,
          nicolae_elemental_shop, uniq_duvessa
D:7:      layout_cave_pods, serial_shops, shop, nicolae_shop_trees, shop,
          nicolae_shop_stone, nicolae_shop_temple_entry_statues_fountains,
          gammafunk_ghost_split, st_stairs_12
Temple:   regret_index_temple_sphere_string

Skill      XL: |  1  2  3  4  5  6  7  8  9 |
---------------+----------------------------+-----
Axes           | 3 4 5 7 8 9 11 13 | 13.8
Invocations    | 3 4 |  4.7
Fighting       | 4 5 |  5.8
Armour         | 2 3 |  3.9
Dodging        | |  1.5
Stealth        | |  4.1

Action                   |  1- 3 |  4- 6 |  7- 9 || total
-------------------------+-------+-------+-------++-------
Melee: Hand axe          |    78 |    87 |    99 ||   264
       War axe           |       |       |   172 ||   172
Throw: Dart              |       |       |     1 ||     1
Invok: Divine Shield     |       |       |     1 ||     1
Evoke: Wand              |       |       |     1 ||     1
  Use: Potion            |     1 |     1 |     7 ||     9
       Scroll            |     1 |       |     8 ||     9
 Stab: Sleeping          |     1 |       |       ||     1
Armor: Leather armour    |    17 |       |     9 ||    26
       Ring mail         |    13 |    39 |   107 ||   159
Dodge: Dodged            |    48 |    43 |   150 ||   241
